 Dungeon Crawl Stone Soup version 0.18.1-5-g4a78601 (webtiles) character file.

6548 Elouann the Cleaver (level 10, 0/83 HPs)
             Began as a Minotaur Fighter on May 10, 2016.
             Was an Elder of Okawaru.
             Slain by a hound (1 damage)
             ... on level 11 of the Dungeon on May 13, 2016.
             The game lasted 01:19:19 (10028 turns).

Elouann the Cleaver (Minotaur Fighter)             Turns: 10028, Time: 01:19:20

Health: 0/83       AC: 19    Str: 24    XL:     10   Next: 70%
Magic:  4/9        EV:  9    Int:  9    God:    Okawaru [****..]
Gold:   243        SH:  0    Dex: 13    Spells: 0 memorised, 9 levels left

rFire  + . .     SeeInvis .     v - -3 hand axe (curse)
rCold  . . .     Gourm    .     s - +5 chain mail
rNeg   . . .     Faith    .     (no shield)
rPois  .         Spirit   .     (helmet restricted)
rElec  .         Dismiss  .     G - +0 cloak
rCorr  .         Reflect  .     (no gloves)
SustAt .         Harm     .     j - +0 pair of boots of the Will of the Gods {Int+4}
MR     .....                    (no amulet)
Stlth  ..........               g - ring of protection from fire
                                u - +3 ring of dexterity

@: finesse, not resistant to hostile enchantments, extremely unstealthy
A: retaliatory headbutt, horns 2
a: Heroism, Renounce Religion


You were on level 11 of the Dungeon.
You worshipped Okawaru.
Okawaru was greatly pleased with you.
You were very full.

You visited 1 branch of the dungeon, and saw 11 of its levels.

You collected 588 gold pieces.
You spent 345 gold pieces at shops.

Inventory:

Hand Weapons
 a - a +1 war axe
 r - a +0 battleaxe
 v - a cursed -3 hand axe (weapon)
 x - a cursed +2 battleaxe
 C - a +0 mace of protection
Missiles
 i - 293 stones
 t - 100 arrows
 w - 10 poisoned needles
 z - 6 tomahawks (quivered)
Armour
 b - a +0 scale mail
 c - a +0 shield
 j - the +0 pair of boots of the Will of the Gods (worn) {Int+4}
   (You bought it in a shop on level 6 of the Dungeon)

   It affects your intelligence (+4).
 s - a +5 chain mail (worn)
 G - a +0 cloak (worn)
 L - a +0 large shield
Jewellery
 g - a ring of protection from fire (right hand)
 u - a +3 ring of dexterity (left hand)
 E - an uncursed ring of fire
Wands
 q - a wand of flame (41/48)
 J - a wand of iceblast (4/15)
 K - a wand of polymorph (18/24)
 M - a wand of lightning (3/15)
 O - a wand of random effects (19/48)
 P - a wand of flame (14/48)
Scrolls
 e - a scroll of identify
 o - a scroll of teleportation
 p - 2 scrolls of magic mapping
 y - 2 scrolls of enchant armour
Potions
 d - 3 potions of ambrosia
 B - a potion of invisibility
 D - 2 potions of curing
 N - a potion of resistance {unknown}
Books
 H - a book of Debilitation

   Spells                             Type                      Level
   a - Corona                         Hexes                        1
   b - Slow                           Hexes                        2
   c - Gell's Gravitas                Hexes/Translocation          3
   d - Inner Flame                    Hexes/Fire                   3
   e - Cause Fear                     Hexes                        4
   f - Leda's Liquefaction            Hexes/Earth                  4
 I - a Necronomicon

   Spells                             Type                      Level
   a - Haunt                          Necromancy/Summoning         7
   b - Borgnjor's Revivification      Necromancy                   8
   c - Death's Door                   Charms/Necromancy            8
   d - Necromutation                  Transmutation/Necromancy     8
Comestibles
 f - 8 bread rations
 h - 6 beef jerkies
 k - 4 fruits
 n - 3 slices of pizza
 A - 4 meat rations


   Skills:
 - Level 6.0 Fighting
 * Level 14.1 Axes
 - Level 10.6 Armour
 - Level 1.0 Dodging
 * Level 7.5 Shields


You had 9 spell levels left.
You didn't know any spells.

Dungeon Overview and Level Annotations

Branches:
Dungeon (11/15)            Temple (0/1) D:5            Lair (0/8) D:9
    Orc: D:9-12

Altars:
Ashenzari
Cheibriados
Fedhas
Makhleb
Okawaru
Ru
Sif Muna
Vehumet
Yredelemnul

Shops:
D:4 (([(%   D:6 [   D:9 !


Innate Abilities, Weirdness & Mutations

You reflexively headbutt those who attack you in melee.
You have a pair of horns on your head.


Message History

The +0 pair of boots of the Will of the Gods {Int+4} unmelds from your body.
Your +5 chain mail unmelds from your body.
You closely miss the white ugly thing.
You headbutt the white ugly thing, but do no damage.
The white ugly thing is heavily wounded.
You hit the hound.
The hound is moderately wounded.
The white ugly thing headbutts you but does no damage.
The hound bites you.
* * * LOW HITPOINT WARNING * * *
You can now deal lightning-fast blows.
You feel somewhat less full.
You can no longer speed up your combat.
The hound bites you but does no damage. The white ugly thing barely misses you.
You hit the white ugly thing.
The white ugly thing is heavily wounded.
You hit the hound.
The hound is heavily wounded.
The hound bites you.
You die...

#.# #.##.# #.# ###
#.##.# #.# ##.###.##.#
#######.#####.........#
..............^....####
# ######.######.#####
.. #.# #.# ...# #h# #.#
..... #@# #.#
..8...##u# #.#


.uZo..ooo# #.# .a.##.#### #.# #. #.# # You could see a white ugly thing, an orc
warrior, a hound and an orc.

Vanquished Creatures
  3 hill giants
  A centaur zombie (D:10)
  A troll (D:9)
  The ghost of Nanban the Covered, an amateur MiAr of Pakellas (D:5)
  A spriggan (D:7)
  A vampire (D:8)
  Duvessa (D:7)
  A phantom (D:6)
  An orc warrior (D:7)
  3 ogres
  4 sky beasts
  2 necrophages
  4 centaurs
  A big kobold (D:7)
  5 giant frogs
  A gnoll sergeant (D:5)
  Dowan (D:7)
  A wyvern skeleton (D:9)
  5 scorpions
  A water moccasin skeleton (D:8)
  4 killer bees
  9 wights
  2 howler monkeys
  2 crimson imps (D:6)
  A giant frog skeleton (D:8)
  5 orc priests
  6 hounds
  2 jellies
  A centaur skeleton (D:6)
  Natasha (thrice) (D:2)
  An iguana (D:9)
  4 orc wizards
  8 worker ants
  Ijyb (D:2)
  A killer bee zombie (D:9)
  3 hound zombies
  Robin (D:4)
  A howler monkey skeleton (D:6)
  14 adders
  4 gnolls (D:5)
  2 shadow imps
  2 oozes
  An adder skeleton (D:9)
  7 giant geckos
  22 orcs
  6 bats
  11 giant cockroaches
  15 goblins
  18 hobgoblins
  4 jackals (D:6)
  4 quokkas
  A giant gecko skeleton (D:6)
  5 giant newts
  8 kobolds
  4 rats
  A spectral orc (D:6)
223 creatures vanquished.

Notes
Turn   | Place    | Note
--------------------------------------------------------------
     0 | D:1      | Elouann the Minotaur Fighter began the quest for the Orb.
     0 | D:1      | Reached XP level 1. HP: 19/19 MP: 0/0
    91 | D:1      | Reached XP level 2. HP: 27/27 MP: 1/1
   225 | D:1      | Reached skill level 3 in Axes
   433 | D:2      | Reached XP level 3. HP: 32/33 MP: 2/2
   567 | D:2      | Noticed Natasha
   575 | D:2      | Killed Natasha
   575 | D:2      | Reached skill level 4 in Axes
   575 | D:2      | Reached XP level 4. HP: 31/40 MP: 3/3
  1105 | D:2      | Noticed Natasha
  1109 | D:2      | Killed Natasha
  1117 | D:2      | Noticed Ijyb
  1121 | D:2      | Noticed Natasha
  1124 | D:2      | Killed Ijyb
  1124 | D:2      | Reached skill level 5 in Axes
  1132 | D:2      | Killed Natasha
  1132 | D:2      | Reached XP level 5. HP: 16/46 MP: 4/4
  1358 | D:2      | Reached skill level 5 in Armour
  1419 | D:3      | Found a faded altar to an unknown god.
  1670 | D:3      | Reached skill level 6 in Axes
  1686 | D:3      | Found a deep blue altar of Sif Muna.
  2232 | D:3      | Became a worshipper of Ashenzari the Shackled
  2232 | D:3      | Reached * piety under Ashenzari
  2264 | D:4      | Found Hileh's Food Shoppe.
  2275 | D:3      | Reached XP level 6. HP: 45/52 MP: 5/5
  2314 | D:4      | Bought a meat ration for 50 gold pieces
  2561 | D:4      | Found Cunk's Weapon Emporium.
  2573 | D:4      | Reached skill level 7 in Axes
  2579 | D:4      | Found Seratt's Armour Shop.
  2602 | D:4      | Bought a cursed -2 cloak for 1 gold piece
  2761 | D:4      | Noticed Robin
  2771 | D:4      | Killed Robin
  2831 | D:4      | Found Qoicu's Antique Weapon Emporium.
  2834 | D:4      | Found a burning altar of Makhleb.
  2840 | D:4      | Bought a glowing mace for 57 gold pieces
  2900 | D:4      | Reached XP level 7. HP: 49/60 MP: 6/6
  2908 | D:4      | HP: 4/90 [ogre/giant club (13)]
  2913 | D:4      | HP: 1/90 [poisoned by an adder]
  3190 | D:4      | Found Hiolloal's Weapon Boutique.
  3269 | D:4      | Found an iron altar of Okawaru.
  3272 | D:4      | Fell from the grace of Ashenzari
  3272 | D:4      | Became a worshipper of Warmaster Okawaru
  3444 | D:5      | Entered Level 5 of the Dungeon
  3581 | D:5      | Reached skill level 1 in Dodging
  3722 | D:5      | Found a radiant altar of Vehumet.
  3723 | D:5      | Noticed Nanban's ghost (amateur MiAr)
  3764 | D:5      | Found a staircase to the Ecumenical Temple.
  3815 | D:5      | Reached skill level 8 in Axes
  4448 | D:6      | Reached skill level 9 in Axes
  4546 | D:6      | Found a sacrificial altar of Ru.
  4626 | D:6      | Reached * piety under Okawaru
  4693 | D:6      | Reached XP level 8. HP: 53/67 MP: 7/7
  4795 | D:6      | Reached skill level 10 in Axes
  4883 | D:6      | Found Amo Zaes's Antique Armour Emporium.
  4964 | D:6      | Bought a pair of dazzling boots for 237 gold pieces
  4969 | D:6      | Identified the +0 pair of boots of the Will of the Gods {Int+4} (You bought it in a shop on level 6 of the Dungeon)
  5185 | D:6      | Found a basalt altar of Yredelemnul.
  5456 | D:7      | Reached skill level 11 in Axes
  5493 | D:7      | Was forgiven by Ashenzari
  5554 | D:7      | Reached ** piety under Okawaru
  5554 | D:7      | Reached skill level 12 in Axes
  5620 | D:7      | Reached XP level 9. HP: 19/73 MP: 5/8
  5988 | D:7      | Noticed Duvessa
  5992 | D:7      | Noticed Dowan
  6009 | D:7      | Killed Duvessa
  6010 | D:7      | Reached skill level 13 in Axes
  6011 | D:7      | Killed Dowan
  6371 | D:8      | Found a blossoming altar of Fedhas.
  6628 | D:8      | Reached *** piety under Okawaru
  7060 | D:5      | Killed Nanban's ghost
  7363 | D:9      | Found a deep blue altar of Sif Muna.
  7415 | D:9      | Found Raitegg's Distillery.
  7489 | D:9      | Noticed a hill giant
  7491 | D:9      | Reached skill level 10 in Armour
  7500 | D:9      | Killed a hill giant
  7500 | D:9      | Reached **** piety under Okawaru
  7500 | D:9      | Reached XP level 10. HP: 50/80 MP: 6/9
  7564 | D:9      | Found a snail-covered altar of Cheibriados.
  7625 | D:9      | Reached skill level 5 in Fighting
  7836 | D:9      | Reached skill level 5 in Shields
  8413 | D:9      | Found a staircase to the Lair.
  8438 | D:10     | Entered Level 10 of the Dungeon
  8438 | D:10     | Noticed a hill giant
  8438 | D:10     | Noticed a hill giant
  8449 | D:9      | Killed a hill giant
  8462 | D:10     | HP: 2/83 [hill giant/giant club (14)]
  8463 | D:10     | Killed a hill giant
  9533 | D:10     | Reached ***** piety under Okawaru
  9533 | D:10     | Reached skill level 14 in Axes
  9967 | D:11     | Noticed a white ugly thing
 10026 | D:11     | HP: 1/83 [hound (4)]
 10028 | D:11     | Slain by a hound

Skill      XL: |  1  2  3  4  5  6  7  8  9 10 |
---------------+-------------------------------+-----
Axes           | 3 4 5 6 7 9 12 13 14 | 14.1
Armour         | 4 5 10 | 10.6
Fighting       | 4 6 |  6.0
Shields        | 4 7 |  7.5
Dodging        | 1 |  1.0

Action                   |  1- 3 |  4- 6 |  7- 9 | 10-12 || total
-------------------------+-------+-------+-------+-------++-------
Melee: War axe           |    63 |   122 |   247 |       ||   432
       Headbutt          |     7 |    30 |    74 |    61 ||   172
       Mace              |       |    10 |    87 |       ||    97
       Hand axe          |       |       |    71 |   319 ||   390
       Punch             |       |       |     1 |       ||     1
Throw: Stone             |    11 |     6 |       |       ||    17
       Tomahawk          |       |     9 |     8 |       ||    17
Invok: Heroism           |       |       |     4 |     2 ||     6
       Finesse           |       |       |       |     1 ||     1
Evoke: Wand              |       |       |     2 |       ||     2
  Use: Scroll            |     1 |     2 |     8 |     7 ||    18
       Potion            |       |     1 |    12 |     4 ||    17
  Eat: Pizza             |       |     1 |       |       ||     1
       Chunk             |       |     1 |     5 |     1 ||     7
       Bread ration      |       |     1 |       |     2 ||     3
       Meat ration       |       |       |     2 |     1 ||     3
Armor: Scale mail        |    33 |    33 |       |       ||    66
       Chain mail        |       |    11 |   229 |   198 ||   438
       Ring mail         |       |    15 |     1 |       ||    16
       Skin              |       |       |   101 |    53 ||   154
Dodge: Dodged            |    35 |    67 |   144 |    72 ||   318
Block: Shield            |     1 |       |       |       ||     1
